 Dungeon Crawl Stone Soup version 0.14-a0-19-g3ffea20 (webtiles) character file.

187 LeoStagg the Covered (level 4, 40/40 HPs)
             Began as a Minotaur Fighter on Sept 25, 2013.
             Got out of the dungeon alive.
             The game lasted 00:16:24 (1903 turns).

LeoStagg the Covered (Minotaur Fighter)             Turns: 1903, Time: 00:16:24

HP  40/40        AC  7     Str 21      XL: 4   Next:  0%
MP   1/1         EV  7     Int  8      God:
Gold 120         SH 19     Dex 10      Spells:  0 memorised,  3 levels left

Res.Fire  : . . .   See Invis. : .   a - +1 hand axe
Res.Cold  : . . .   Warding    : .   b - +0 scale mail
Life Prot.: . . .   Conserve   : .   c - +0 shield (curse)
Res.Poison: .       Res.Corr.  : .   (helmet restricted)
Res.Elec. : .       Clarity    : .   (no cloak)
Sust.Abil.: . .     Spirit.Shd : .   (no gloves)
Res.Mut.  : .       Stasis     : .   (no boots)
Res.Rott. : .       Flight     : .   (no amulet)
Saprovore : . . .                    (no ring)
                                     j - +3 ring of intelligence

@: slightly resistant to hostile enchantments, extremely unstealthy
A: retaliatory headbutt, horns 2
a: no special abilities


You escaped.
You were not hungry.

You visited 1 branch of the dungeon, and saw 2 of its levels.

You collected 100 gold pieces.

Inventory:

Hand weapons
 a - a +1,+1 hand axe (weapon)
Missiles
 h - 17 darts (quivered)
Armour
 b - a +0 scale mail (worn)
 c - a cursed +0 shield (worn)
 f - a +0 dwarven large shield
Comestibles
 d - a bread ration
Jewellery
 j - a +3 ring of intelligence (left hand)
Potions
 e - 3 potions of curing
 k - a potion of brilliance


   Skills:
 + Level 4.3 Fighting
 + Level 2.7 Axes
 + Level 4.4 Armour
 + Level 0.9 Dodging
 + Level 4.2 Shields


You had 3 spell levels left.
You didn't know any spells.

Dungeon Overview and Level Annotations

Branches:
Dungeon (2/27)

Altars:


Innate Abilities, Weirdness & Mutations

You reflexively headbutt those who attack you in melee.
You have a pair of horns on your head.


Message History

You are feeling hungry.
You continue eating.
You finish eating.
That bread ration really hit the spot!
There is a stone staircase leading up here.
You climb upwards.
There is a stone staircase leading down here.
You climb downwards.
There is a stone staircase leading up here.
You climb upwards.
There is a stone staircase leading down here.
There is a large open door here.
There is a staircase leading out of the dungeon here.
Are you sure you want to leave the Dungeon?
This will make you lose the game! [Y]es or [N]o only, please.
Are you sure you want to leave the Dungeon?
This will make you lose the game! [Y]es or [N]o only, please.
Are you sure you want to leave the Dungeon?
This will make you lose the game! [Y]es or [N]o only, please.
Are you sure you want to leave the Dungeon?
This will make you lose the game!
You have escaped!

.#.#####..# #.##...........# #
..........# #.###########..# #
.#........####.# #..# #
.########......###########..# ##
..........)###.#........#...# #.
...............#........'...####.
.#########.##..#........'........
.# #.##..#........#...####. .#
#.##..#@.......#.).####.
.#########.##..#........#........
...........##..#........+........
...............#........+...####.
#############.##........#........
###########.############..####.
#..............# #.......
#...........##.#########..#####
#.############.#..........# #


There were no monsters in sight!

Vanquished Creatures
  2 adders (D:2)
  A giant mite (D:1)
  A worm (D:2)
  2 giant geckos (D:2)
  6 bats
  6 hobgoblins
  2 kobolds (D:2)
  2 giant cockroaches (D:1)
  5 giant newts
  3 goblins
  2 jackals (D:2)
  6 rats
38 creatures vanquished.

Notes
Turn   | Place    | Note
--------------------------------------------------------------
     0 | D:1      | LeoStagg, the Minotaur Fighter, began the quest for the Orb.
     0 | D:1      | Reached XP level 1. HP: 19/19 MP: 0/0
    52 | D:1      | Reached XP level 2. HP: 21/26 MP: 0/0
   631 | D:1      | Reached skill level 4 in Shields
   951 | D:2      | Reached XP level 3. HP: 28/33 MP: 1/1
  1723 | D:2      | Reached XP level 4. HP: 40/40 MP: 1/1
  1903 | D:$      | Got out of the dungeon alive.

Action                   |  1- 3 |  4- 6 || total
-------------------------+-------+-------++-------
Melee: Hand axe          |    92 |       ||    92
  Use: Scroll            |     7 |       ||     7
       Potion            |     3 |       ||     3
